 Dungeon Crawl Stone Soup version 0.31-a0-196-g86fe4a5e66 (webtiles) character file.

Game seed: 11783629018082706951

58 innerfire43 the Chopper (level 3, -1/29 HPs)
             Began as a Demonspawn Monk on June 24, 2023.
             Slain by an orc
             ... wielding a +0 hand axe
              (3 damage)
             ... on level 2 of the Dungeon.
             The game lasted 00:02:08 (1715 turns).

innerfire43 the Chopper (Demonspawn Monk)           Turns: 1715, Time: 00:02:09

Health: -1/29      AC:  3    Str: 13    XL:     3   Next: 75%
Magic:  3/3        EV: 13    Int: 11    God:
Gold:   71         SH:  0    Dex: 15    Spells: 2/2 levels left

rFire   . . .        m - +3 whip
rCold   + . .        d - orb {light}
rNeg    . . .        b - +0 robe
rPois   .            (no helmet)
rElec   .            h - scarf {shadows}
rCorr   .            (no gloves)
SInv    .            (no boots)
Will    .....        (no amulet)
Stlth   +            j - ring of protection from cold
HPRegen 0.24/turn    (no ring)
MPRegen 0.08/turn

%: no passive effects
@: confused, ambrosia-drunk, glowing
A: rugged brown scales 1, demonic guardian 1
a: no special abilities


You were on level 2 of the Dungeon.
You visited 1 branch of the dungeon, and saw 3 of its levels.

You collected 71 gold pieces.

Inventory:

Hand Weapons
 a - a +0 hand axe
 m - a +3 whip (weapon)
Armour
 b - a +0 robe (worn)
 d - an orb of light (worn)
 h - a scarf of shadows (worn)
Jewellery
 j - a ring of protection from cold (left hand)
 l - a ring of magical power
Scrolls
 i - 2 scrolls of poison
Potions
 e - 2 potions of magic {unknown}
 g - a potion of curing {unknown}


   Skills:
 + Level 3.5 Fighting
 - Level 3.5 Axes
 * Level 0.3(2.1) Maces & Flails
 + Level 3.1 Dodging


You had 2 spell levels left.
You didn't know any spells.
Your spell library contained the following spells:

 Spells                   Type           Power      Damage    Failure   Level
 Foxfire                  Conj/Fire      0%         2x1d4     34%         1
 Alistair's Intoxication  Tmut/Pois      0%         N/A       100%        5
 Borgnjor's Vile Clutch   Necr/Erth      0%         N/A       100%        5
 Fireball                 Conj/Fire      0%         3d3       100%        5
 Eringya's Noxious Bog    Tmut/Pois      0%         N/A       100%        6
 Plasma Beam              Fire/Air       0%         2x1d10    100%        6
 Starburst                Conj/Fire      0%         6d3       100%        6


Dungeon Overview and Level Annotations

Branches:
Dungeon (3/15)

Altars:

Shops:
D:2 ::(*:


Innate Abilities, Weirdness & Mutations

You are partially covered in rugged brown scales. (AC +1, +3% HP)
A weak demonic guardian rushes to your aid.


Message History

A demonic guardian appears!
You barely miss the orc.
The orc is severely wounded.
Your quasit bites the orc but does no damage.
Your quasit claws the orc but does no damage.
Your quasit closely misses the orc.
The orc misses your quasit. The kobold barely misses you.
You hit the orc.
You kill the orc!
The kobold hits you but does no damage.
You whack the kobold!
You kill the kobold!
No target in view!
No target in view!
You climb downwards.
Your summoned ally is left behind.
You hear the sound of rushing water.
There is an entrance to a sewer on this level.
Hurry and find it before the portal rusts away!
The orc closely misses you. The orc hits you with a +0 morningstar.
The orc closely misses you. The orc hits you but does no damage.
The orc barely misses you.
There is a stone staircase leading up here.
The orc barely misses you. The orc hits you with a +0 morningstar.
The orc hits you with a +0 hand axe.
* * * LOW HITPOINT WARNING * * *
You climb upwards.
Your quasit disappears in a puff of smoke!
There is a stone staircase leading down here.
You are too injured to fight recklessly!
You are too injured to fight recklessly!
You are too injured to fight recklessly!
Okay, then.
You are confused.
You feel invigorated. The orc hits you with a +0 morningstar.
* * * LOW HITPOINT WARNING * * *
The orc hits you with a +0 flail.
* * * LOW HITPOINT WARNING * * *
The orc hits you with a +0 hand axe.
* * * LOW HITPOINT WARNING * * *
The orc hits you with a +0 hand axe.
You die...

#...†.........#
#.............####
#.................
####.............####
#......##........##..
#......##........##.#
#......##...........#
#..oo..##........#..#
#>.o@§.##........#...
#..oo..###'#####.#...
#.......)..# #.#.#.
#......##### ###.#.
#........# ♣♣♣♣ ##.#.
####....###♣PP#♣P###.
#....##♣.P.PPP♣##.
#....#♣P.....PP##.
####'#PP#....P###.


You could see 5 orcs.

Vanquished Creatures
  A worm (D:2)
  A dart slug (D:2)
  An orc (D:2)
  6 ball pythons
  3 endoplasms
  2 giant cockroaches
  A hobgoblin (D:2)
  3 jackals (D:2)
  7 kobolds
  A quokka (D:1)
  4 bats
  4 frilled lizards
  7 goblins
  8 rats
49 creatures vanquished.

Notes
Turn   | Place    | Note
-------+----------+-------------------------------------------
     0 | D:1      | innerfire43 the Demonspawn Monk began the quest for the
                  | Orb.
     0 | D:1      | Reached XP level 1. HP: 18/18 MP: 1/1
   233 | D:1      | Gained mutation: You are partially covered in rugged brown
                  | scales. (AC +1, +3% HP) [demonic ancestry]
   233 | D:1      | Reached XP level 2. HP: 18/24 MP: 2/2
   609 | D:2      | Found Lenlud's Weapon Shoppe.
   699 | D:2      | Gained mutation: A weak demonic guardian rushes to your
                  | aid. [demonic ancestry]
   699 | D:2      | Reached XP level 3. HP: 25/29 MP: 3/3
   765 | D:2      | Found Voib's Book Boutique.
   871 | D:2      | Found Nuweq's Book Shoppe.
  1231 | D:2      | Found Tyjeq's Assorted Antiques.
  1276 | D:2      | Found Cib Vegh's Book Shop.
  1715 | D:2      | Slain by an orc

Illustrated notes

Levels and vault maps discovered:
D:1:      tarquinn_simple_flora_water_f, layout_rooms
D:2:      layout_basic, serial_shops, shop, nicolae_shop_tiny_waterfront, shop,
          shop, nicolae_shop_tiny_statue_garden, lexackson_kobold_supper
D:3:      layout_rooms, cheibrodos_sewer_entry_drain, grunt_ministairs_10,
          uniq_grinder

Skill      XL: |  1  2 |
---------------+-------+-----
Axes           | 3 |  3.5
Dodging        | 3 |  3.1
Fighting       | |  3.5
Maces & Flails | |  0.3

Action                     || total
---------------------------++-------
  Melee: Hand axe          ||   116
         Whip              ||    13
    Use: Scroll            ||     3
         Potion            ||     1
 Armour: Robe              ||    32
  Dodge: Dodged            ||    97

Table legend: (Time is in decaauts)
 A = Elapsed time spent in this place.
 B = Non-inter-level travel time spent in this place.
 C = Inter-level travel time spent in this place.
 D = Time resting spent in this place.
 E = Time spent auto-exploring this place.
 F = Levels seen in this place.
 G = Mean time per level.
                   A        B        C        D        E       F      G
               +--------+--------+--------+--------+--------+-----+--------+
         Total |   1731 |   1675 |     56 |      0 |   1356 |   3 |  577.0 |
       Dungeon |   1731 |   1675 |     56 |      0 |   1356 |   3 |  577.0 |
               +--------+--------+--------+--------+--------+-----+--------+

Top non-repeatable levels by time:
     D:2: 1172 daAuts
     D:1: 554 daAuts
     D:3: 5 daAuts
